 Dungeon Crawl Stone Soup version 0.23.2-33-g5129a83184 (webtiles) character file.

Game seed: 230994804653398647

188 TrebMcFLY the Chopper (level 5, -10/50 HPs)
             Began as a Deep Dwarf Fighter on July 9, 2019.
             Killed by divine providence
             ... invoked by an orc priest
              (14 damage)
             ... on level 3 of the Dungeon.
             The game lasted 00:06:35 (1388 turns).

TrebMcFLY the Chopper (Deep Dwarf Fighter)          Turns: 1388, Time: 00:06:36

Health: -10/50     AC: 12    Str: 21    XL:     5   Next: 39%
Magic:  5/5        EV:  4    Int:  8    God:
Gold:   138        SH:  9    Dex: 12    Spells: 4/4 levels left

rFire    . . .     SeeInvis .   a - +0 war axe
rCold    . . .     Gourm    .   c - +0 shield
rNeg     . . .     Faith    .   q - +0 plate armour
rPois    .         Spirit   .   (no helmet)
rElec    .         Reflect  .   (no cloak)
rCorr    .         Harm     .   o - +0 pair of gloves
MR       .....                  (no boots)
Stlth    ..........             (no amulet)
HPRegen  0.00/turn              (no ring)
MPRegen  0.09/turn              (no ring)

@: non-regenerating
A: damage resistance, heal wounds, sense surroundings 1, no regeneration
a: Heal Wounds


You were on level 3 of the Dungeon.
You were not hungry.

You visited 1 branch of the dungeon, and saw 3 of its levels.

You collected 138 gold pieces.

Inventory:

Hand Weapons
 a - a +0 war axe (weapon)
Armour
 c - a +0 shield (worn)
 o - a +0 pair of gloves (worn)
 q - a +0 plate armour (worn)
Scrolls
 b - a scroll of noise {unknown}
 e - a scroll of random uselessness {unknown}
 h - a scroll of fear {unknown}
 j - 2 scrolls of remove curse {unknown}
 l - a scroll of immolation {unknown}
 m - 3 scrolls of identify {unknown}
 n - a scroll of enchant weapon {unknown}
Potions
 d - a potion of might
 i - 2 potions of lignification {unknown}
 k - a potion of brilliance {unknown}
 p - a potion of cancellation {unknown}
 r - a potion of magic {unknown}
Comestibles
 f - 6 rations
 g - 4 chunks of flesh


   Skills:
 + Level 3.7 Fighting
 * Level 4.8 Axes
 + Level 3.7 Armour
 + Level 3.7 Shields


You had 4 spell levels left.
You didn't know any spells.
Your spell library was empty.

Dungeon Overview and Level Annotations

Branches:
Dungeon (3/15)

Altars:
Cheibriados
Kikubaaqudgha
Zin


Innate Abilities, Weirdness & Mutations

You are resistant to damage.
You can heal yourself by infusing magical energy.
You passively map a small area around you.
You do not regenerate.


Message History

You block the orc's attack.
The orc priest hits you with a +0 scimitar.
* * * LOW HITPOINT WARNING * * *
You closely miss the orc priest. You hit the orc.
You kill the orc!
You block the orc priest's attack.
You closely miss the orc priest.
The orc priest hits you but does no damage.
You hit the orc priest but do no damage.
The orc priest barely misses you. You block the orc priest's attack.
You hit the orc priest.
The orc priest is lightly wounded.
The orc priest calls down the wrath of Beogh upon you.
Beogh smites you!
* * * LOW HITPOINT WARNING * * *
You barely miss the orc priest.
The orc priest is lightly wounded.
The orc priest mumbles some strange prayers to Beogh against you.
Beogh smites you!
You die...

#... ,* ##... *
.... * * ... * ..
* ,* #.##* , *
#..# ,, ,,
#######o#########.
#.....)@).........
*
#.##.##.##........
#.##....##...)....
* ,
#.##.##.##........
#.##.##.##.......#
#................#
*
####.######......#
#.# ####### #.# ,


You could see an orc priest.

Vanquished Creatures
  A centaur zombie (D:3)
  Jessica (D:2)
  Natasha (thrice) (D:2)
  An adder (D:2)
  3 orcs (D:3)
  3 giant cockroaches (D:2)
  5 goblins
  5 hobgoblins
  3 jackals (D:2)
  6 bats
  4 frilled lizards
  8 kobolds
  5 rats
48 creatures vanquished.

Notes
Turn   | Place    | Note
-------+----------+-------------------------------------------
     0 | D:1      | TrebMcFLY the Deep Dwarf Fighter began the quest for the
                  | Orb.
     0 | D:1      | Reached XP level 1. HP: 20/20 MP: 1/1
   168 | D:1      | Reached XP level 2. HP: 22/27 MP: 2/2
   261 | D:1      | Reached skill level 3 in Axes
   698 | D:2      | Found a glowing silver altar of Zin.
   699 | D:2      | Found a snail-covered altar of Cheibriados.
   736 | D:2      | Reached XP level 3. HP: 27/34 MP: 3/3
   741 | D:2      | Noticed Natasha
   745 | D:2      | Killed Natasha
   806 | D:2      | Reached skill level 4 in Axes
  1019 | D:2      | Reached XP level 4. HP: 29/42 MP: 4/4
  1039 | D:2      | Noticed Natasha
  1058 | D:2      | Killed Natasha
  1090 | D:2      | Found an ancient bone altar of Kikubaaqudgha.
  1092 | D:2      | Noticed Natasha
  1105 | D:2      | Killed Natasha
  1237 | D:2      | Noticed Jessica
  1253 | D:2      | Killed Jessica
  1253 | D:2      | Reached XP level 5. HP: 27/49 MP: 5/5
  1388 | D:3      | Killed from afar by an orc priest

Skill      XL: |  1  2  3 |
---------------+----------+-----
Axes           | 3 4 |  4.8
Fighting       | 3 |  3.7
Armour         | |  3.7
Shields        | |  3.7

Action                   |  1- 3 |  4- 6 || total
-------------------------+-------+-------++-------
Melee: War axe           |   115 |    61 ||   176
  Eat: Chunk             |     1 |     1 ||     2
Armor: Scale mail        |    51 |     9 ||    60
       Plate armour      |       |    23 ||    23
Dodge: Dodged            |    25 |    20 ||    45
Block: Shield            |    54 |    27 ||    81
